Map: [ESL] Oceanborn

Players

ForJumy

  • Race: Protoss Protoss
  • Spawn Location: 5:00

NightPhoenix - Winner!

  • Race: Protoss Protoss
  • Spawn Location: 11:00

Event: ESL SC2 Masters 2023 Winter (Regional)

VOD

Have the link to the VOD?

Description

Time

  • Played on: Nov. 2, 2023, 1:18 p.m.
  • Length: 5:59

All games in this series

Show
View Real Time Build Order
Export as new Build Order

ForJumy Protoss 

Build Orders:  

Get SALT Encoding   

  12  0:00  Probe  
  13  0:12  Probe  
  14  0:17  Pylon  
  14  0:24  Probe  
  15  0:36  Gateway, Probe (Chrono Boost)  
  16  0:46  Assimilator, Probe (Chrono Boost)  
  17  0:51  Probe (Chrono Boost)  
  17  0:54  Assimilator  
  18  1:03  Probe (Chrono Boost)  
  19  1:08  Gateway  
  20  1:12  Probe (Chrono Boost)  
  20  1:17  Probe (Chrono Boost)  
  20  1:23  Cybernetics Core  
  21  1:31  Pylon  
  21  1:36  Probe  
  22  1:49  Probe  
  23  1:59  Stalker x2  
  23  2:00  Warp Gate  
  27  2:03  Probe  
  28  2:09  Pylon  
  28  2:15  Probe  
  29  2:28  Probe  
  34  2:36  Stalker x2  
  33  2:40  Probe  
  34  2:53  Probe  
  35  3:03  Nexus  
  33  3:14  Adept  
  33  3:15  Adept  
  33  3:19  Probe  
  36  3:24  Shield Battery  
  36  3:30  Pylon  
  36  3:41  Probe  
  35  3:50  Twilight Council  
  35  3:53  Stalker  
  37  3:57  Stalker  
  37  3:59  Probe  
  39  4:05  Shield Battery  
  39  4:15  Probe  
  39  4:16  Probe  
  41  4:19  Sentry  
  41  4:23  Stalker  
  45  4:28  Probe (Chrono Boost)  
  42  4:37  Probe (Chrono Boost)  
  41  4:46  Probe (Chrono Boost)  
  41  4:49  Stalker, Probe (Chrono Boost)  
  41  4:50  Probe (Chrono Boost)  
  41  4:55  Sentry  
  41  4:57  Probe  
  44  5:00  Probe  
  45  5:09  Probe  
  45  5:13  Stalker  
  43  5:18  Probe  
  39  5:21  Probe  
  39  5:22  Stalker  
  30  5:30  Probe  
  30  5:33  Probe  
  31  5:36  Stalker  
  31  5:42  Probe  
  34  5:45  Probe  
  34  5:46  Stalker  
Show
View Real Time Build Order
Export as new Build Order

NightPhoenix Protoss - Winner!

Build Orders: Oracle Opening 

Get SALT Encoding   

  12  0:00  Probe  
  13  0:12  Probe  
  14  0:17  Pylon  
  14  0:24  Probe (Chrono Boost)  
  15  0:36  Gateway, Probe (Chrono Boost)  
  16  0:44  Probe (Chrono Boost)  
  16  0:45  Assimilator  
  17  0:50  Probe  
  17  0:54  Assimilator  
  18  1:03  Probe (Chrono Boost)  
  19  1:06  Gateway  
  19  1:12  Probe (Chrono Boost)  
  19  1:17  Probe (Chrono Boost)  
  20  1:23  Cybernetics Core  
  21  1:29  Probe  
  22  1:33  Pylon  
  22  1:41  Probe  
  23  1:53  Probe  
  24  2:00  Stalker x2  
  24  2:01  Warp Gate  
  28  2:05  Probe  
  29  2:11  Pylon  
  29  2:21  Stargate  
  29  2:33  Stalker  
  31  2:38  Stalker  
  33  3:01  Nexus  
  33  3:14  Oracle (Chrono Boost)  
  33  3:18  Probe  
  35  3:25  Pylon  
  35  3:29  Shield Battery  
  35  3:44  Oracle  
  38  3:49  Stalker  
  38  3:53  Stalker  
  42  4:00  Probe  
  43  4:12  Robotics Facility, Probe  
  43  4:16  Shield Battery, Probe  
  45  4:24  Probe, Pylon, Adept  
  47  4:30  Adept  
  40  4:54  Stalker x2  
  40  4:59  Probe x2  
  45  5:24  Stalker  
  45  5:25  Stalker  
Tags
 
Add a new tag
Caveats
  • Supply blocks, unpowered buildings, or Contaminate may cause inaccurate times.
  • Supply counts are checked every 10 seconds.